 Dungeon Crawl Stone Soup version 0.29-a0-598-gd8304a5bf4 (webtiles) character file.

Game seed: 6896263493034505075

8 Vylera the Vexing (level 2, 0/18 HPs)
             Began as an Octopode Wanderer on June 16, 2022.
             Was a Believer of Ru.
             Slain by a goblin
             ... wielding a +0 club
              (1 damage)
             ... on level 1 of the Dungeon.
             The game lasted 00:02:46 (668 turns).

Vylera the Vexing (Octopode Wanderer)                Turns: 668, Time: 00:02:46

Health: 0/18       AC:  1    Str: 10    XL:     2   Next: 8%
Magic:  0/4        EV: 12    Int: 18    God:    Ru [**....]
Gold:   15         SH:  0    Dex:  8    Spells: 2/3 levels left

rFire   . . .      SeeInvis .   e - +0 dagger (venom)
rCold   . . .      Faith    .   (no shield)
rNeg    . . .      Spirit   +   (helmet restricted)
rPois   .          Reflect  .   i - amulet of guardian spirit
rElec   .          Harm     .   (no ring)
rCorr   .          Rampage  .   (no ring)
Will    .....                   (no ring)
Stlth   ++........              (no ring)
HPRegen 0.06/turn               (no ring)
MPRegen 0.09/turn               (no ring)
                                (no ring)
                                (no ring)

@: no status effects
A: almost no armour, amphibious, 8 rings, camouflage 1, gelatinous body 1, hated
by all, (nimble swimmer 1), tentacles
a: Renounce Religion


You were on level 1 of the Dungeon.
You worshipped Ru.
Ru was pleased with you.
You visited 1 branch of the dungeon, and saw 1 of its levels.

You collected 15 gold pieces.

Inventory:

Hand Weapons
 a - a +0 dagger
 e - a +0 dagger of venom (weapon)
Missiles
 b - 9 poisoned darts (quivered)
Jewellery
 i - an amulet of guardian spirit (around mantle)
Scrolls
 d - a scroll of magic mapping {unknown}
 h - a scroll of enchant armour {unknown}
Potions
 c - a potion of brilliance
 f - 2 potions of curing {unknown}
 g - 2 potions of flight {unknown}


   Skills:
 - Level 1.0 Fighting
 - Level 3.0 Throwing
 + Level 1.3 Spellcasting
 - Level 4.0 Hexes
 * Level 2.2 Poison Magic


You had 2 spell levels left.
You knew the following spells:

 Your Spells              Type           Power      Damage    Failure   Level
a - Sting                 Tmut/Pois      20%        1d4       12%         1

Your spell library contained the following spells:

 Spells                   Type           Power      Damage    Failure   Level
 Slow                     Hex            60%        N/A       3%          1
 Confusing Touch          Hex            15%        N/A       11%         3
 Mephitic Cloud           Conj/Pois/Air  3%         N/A       41%         3
 Summon Guardian Golem    Hex/Summ       Unusable   N/A       N/A         3

Dungeon Overview and Level Annotations

Branches:
Dungeon (1/15)

Altars:
Ru


Innate Abilities, Weirdness & Mutations

You cannot wear most types of armour.
You are amphibious.
You can wear up to eight rings at the same time.
Your skin changes colour to match your surroundings (Stealth+).
Your rubbery body absorbs attacks. (AC +1, EV +1)
You are hated by all.
((You are camouflaged when in or above water. (Stealth+)))
You have tentacles for arms and can constrict up to eight enemies at once.


Message History

You hit the endoplasm but do no damage.
The endoplasm is heavily wounded.
The ball python bites you.
You focus your inner power and illuminate the ball python in retribution!
The ball python completely misses you. The endoplasm freezes you.
You are frozen.
The goblin attacks as you move away! The goblin hits you but does no damage.
The ball python barely misses you. The ball python grabs you.
The ball python constricts you.
The ball python is stunned by your conviction and fails to attack.
The ball python constricts you.
You escape the ball python's grasp.
The goblin attacks as you move away! The goblin hits you with a +0 club.
The ball python attacks as you move away!
The ball python misses you. The goblin attacks as you move away!
The goblin misses you.
The ball python attacks as you move away!
The ball python bites you.
The ball python attacks as you move away!
The ball python closely misses you.
The ball python attacks as you move away!
The ball python barely misses you. The ball python completely misses you.
The endoplasm attacks as you move away! The endoplasm hits you.
The ball python attacks as you move away!
The ball python is stunned by your conviction and fails to attack.
The ball python bites you.
* * * LOW HITPOINT WARNING * * *
The ball python grabs you. The ball python constricts you.
* * * LOW HITPOINT WARNING * * *
You escape the ball python's grasp.
The endoplasm attacks as you move away! The endoplasm misses you.
The endoplasm attacks as you move away! The endoplasm hits you.
* * * LOW HITPOINT WARNING * * *
You focus your inner power and illuminate the endoplasm in retribution!
The ball python stops glowing.
The ball python barely misses you. The ball python grabs you.
The ball python constricts you.
* * * LOW HITPOINT WARNING * * *
You escape the ball python's grasp.
The goblin hits you with a +0 club.
You die...

#.....+..#
#...........#
#.....#..#
#...........#
##+#+##..#
#........>..#
#...###.#
#########+#.#
#.......# .#
#######.#
#.######
#.#....######.#
#.'...J@.......
###..Sg######.#
#....# #....#
#########....#
.............#
.............#
?..........(.#
.......†.....#


You could see an endoplasm (corona), a goblin and a ball python.

Vanquished Creatures
  A bat (D:1)
  An endoplasm (D:1)
  2 goblins (D:1)
  A hobgoblin (D:1)
  2 rats (D:1)
7 creatures vanquished.

Notes
Turn   | Place    | Note
-------+----------+-------------------------------------------
     0 | D:1      | Vylera the Octopode Wanderer began the quest for the Orb.
     0 | D:1      | Vylera set off with the following items: a +0 dagger, 9
                  | poisoned darts, a potion of brilliance; and the following
                  | spells available to memorise: Slow, Sting, Confusing Touch,
                  | Summon Guardian Golem, Mephitic Cloud.
     0 | D:1      | Reached XP level 1. HP: 13/13 MP: 2/2
     2 | D:1      | Learned a level 1 spell: Sting
   453 | D:1      | Found a faded altar of an unknown god.
   466 | D:1      | Reached XP level 2. HP: 11/18 MP: 1/3
   469 | D:1      | Prayed at the altar of an unknown god.
   469 | D:1      | Became a worshipper of Ru the Awakened
   482 | D:1      | Gained mutation: You are hated by all. [Ru sacrifice]
   482 | D:1      | Reached * piety under Ru
   482 | D:1      | Reached ** piety under Ru
   668 | D:1      | Slain by a goblin

Illustrated notes

Levels and vault maps discovered:
D:1:      minmay_arrival_solitary_statue, layout_basic,
          ebering_ecumenical_altar_ruins, due_unseen_surprise

Skill      XL: |  1 |
---------------+----+-----
Poison Magic   | 2 |  2.2
Fighting       | |  1.0
Throwing       | |  3.0
Spellcasting   | |  1.3
Hexes          | |  4.0

Action                   || total
-------------------------++-------
Melee: Dagger            ||    21
       Constrict         ||     6
       Tentacles         ||     6
       Punch             ||     1
Invok: Sacrifice Love    ||     1
Armor: Skin              ||     4
Dodge: Dodged            ||    20

Table legend: (Time is in decaauts)
 A = Elapsed time spent in this place.
 B = Non-inter-level travel time spent in this place.
 C = Inter-level travel time spent in this place.
 D = Time resting spent in this place.
 E = Time spent auto-exploring this place.
 F = Levels seen in this place.
 G = Mean time per level.
                   A        B        C        D        E       F      G
               +--------+--------+--------+--------+--------+-----+--------+
         Total |    667 |    667 |      0 |    275 |    304 |   1 |  667.0 |
       Dungeon |    667 |    667 |      0 |    275 |    304 |   1 |  667.0 |
               +--------+--------+--------+--------+--------+-----+--------+

Top non-repeatable levels by time:
     D:1: 667 daAuts
